 Dungeon Crawl Stone Soup version 0.21.1-1-g345015f (webtiles) character file.

76 graki42 the Firebug (level 4, -1/24 HPs)
             Began as a Deep Elf Fire Elementalist on Apr 27, 2018.
             Killed from afar by Sigmund (7 damage)
             ... with a magic dart
             ... on level 2 of the Dungeon.
             The game lasted 00:05:58 (1875 turns).

graki42 the Firebug (Deep Elf Fire Elementalist)    Turns: 1875, Time: 00:06:02

Health: -1/24      AC:  2    Str:  6    XL:     4   Next: 12%
Magic:  0/11       EV: 13    Int: 20    God:
Gold:   158        SH:  0    Dex: 15    Spells: 3/10 levels left

rFire    . . .     SeeInvis .   (no weapon)
rCold    . . .     Gourm    .   (no shield)
rNeg     . . .     Faith    .   a - +0 robe
rPois    .         Spirit   .   (no helmet)
rElec    .         Reflect  .   (no cloak)
rCorr    .         Harm     .   (no gloves)
MR       .....                  (no boots)
Stlth    ++........             (no amulet)
HPRegen  0.08/turn              (no ring)
MPRegen  0.12/turn              (no ring)

@: no status effects
A: no striking features
a: no special abilities


You were on level 2 of the Dungeon.
You were not hungry.

You visited 1 branch of the dungeon, and saw 2 of its levels.

You collected 158 gold pieces.

Inventory:

Armour
 a - a +0 robe (worn)
Scrolls
 d - 3 scrolls of teleportation {unknown}
 e - a scroll of noise {unknown}
 g - a scroll of identify {unknown}
 h - 2 scrolls of random uselessness {unknown}
 i - 2 scrolls of enchant weapon {unknown}
 j - a scroll of enchant armour {unknown}
 l - a scroll of blinking {unknown}
Potions
 f - 2 potions of berserk rage {unknown}
 m - 2 potions of might {unknown}
Books
 b - a book of Flames

   Spells                             Type                      Level
   a - Flame Tongue                   Conjuration/Fire             1
   b - Throw Flame                    Conjuration/Fire             2
   c - Conjure Flame                  Conjuration/Fire             3
   d - Inner Flame                    Hexes/Fire                   3
   e - Sticky Flame                   Conjuration/Fire             4
   f - Fireball                       Conjuration/Fire             5
Comestibles
 c - 6 rations
 k - 2 chunks of flesh


   Skills:
 + Level 2.8 Dodging
 + Level 3.0 Stealth
 + Level 3.6 Spellcasting
 + Level 2.1 Conjurations
 + Level 4.3 Fire Magic


You had 3 spell levels left.
You knew the following spells:

 Your Spells              Type           Power        Failure   Level  Hunger
a - Flame Tongue          Conj/Fire      ###..        3%          1    None
b - Conjure Flame         Conj/Fire      ###.....     11%         3    ###....
c - Inner Flame           Hex/Fire       ##......     16%         3    ###....


Dungeon Overview and Level Annotations

Branches:
Dungeon (2/15)

Altars:

Annotations:
D:2 Sigmund


Message History

Press: ? - help, Shift-Dir - straight line, f/p - bat
Aim: a bat (chance to defeat MR: 77%)
The bat is filled with an inner flame.
Casting: Inner Flame
Confirm with . or Enter, or press ? or * to list all spells.
Aiming: Flame Tongue
Press: ? - help, Shift-Dir - straight line, f/p - bat
Aim: a bat (inner flame)
The flame tongue hits the bat.
The bat explodes!
The fiery explosion engulfs the adder.
You kill the adder!
You have reached level 4!
You feel clever.
The fiery explosion engulfs Sigmund.
Sigmund is severely wounded.
Sigmund is engulfed in blazing flames.
Sigmund gestures at you while chanting. The magic dart hits you!
You die...

.##.##.# #.# #.....# #.#.
....##'#####'##
#.....#######.#.
##...........S#
#.....#.......#.
)+............#
#.#####'#######.
##............#
#.#..........(..
.+...........@#
#.#........#####
##............# #<#........#
.............†######....)...#
.....#####...@§§@^.......[..#
........##.#'#############'##
........'.)............>##.#
#(......##.######.#.######.#
.........#.# #....#.#
###.###### ##.#####.#.#
#.####.# #.........
...#####.#.# #.# #.#
#.#...†... ...'.......# #.#
#.####.########
...#####..####'####......#


You could see Sigmund.

Vanquished Creatures
  A gnoll (D:1)
  2 adders (D:2)
  3 worms (D:2)
  3 dart slugs (D:1)
  A leopard gecko (D:2)
  A giant cockroach (D:1)
  7 goblins
  2 hobgoblins (D:1)
  4 kobolds
  A quokka (D:2)
  A ball python (D:1)
  4 bats
  3 frilled lizards (D:1)
  2 rats (D:2)
35 creatures vanquished.

Notes
Turn   | Place    | Note
-------+----------+-------------------------------------------
     0 | D:1      | graki42 the Deep Elf Fire Elementalist began the quest for the Orb.
     0 | D:1      | Reached XP level 1. HP: 10/10 MP: 6/6
   155 | D:1      | Reached XP level 2. HP: 15/15 MP: 6/8
   588 | D:1      | Reached skill level 4 in Fire Magic
   684 | D:1      | Reached XP level 3. HP: 18/19 MP: 4/9
   689 | D:1      | Learned a level 3 spell: Inner Flame
   693 | D:1      | Learned a level 3 spell: Conjure Flame
  1843 | D:2      | Noticed Sigmund
  1875 | D:2      | Reached XP level 4. HP: 5/24 MP: 0/11
  1875 | D:2      | Killed from afar by Sigmund

Skill      XL: |  1  2  3 |
---------------+----------+-----
Fire Magic     | 4 |  4.3
Stealth        | 3 |  3.0
Conjurations   | 2 |  2.1
Dodging        | |  2.8
Spellcasting   | |  3.6

Action                   |  1- 3 |  4- 6 || total
-------------------------+-------+-------++-------
 Cast: Flame Tongue      |    85 |     1 ||    86
       Conjure Flame     |     3 |       ||     3
       Inner Flame       |     2 |       ||     2
  Eat: Chunk             |     3 |       ||     3
Armor: Robe              |     8 |       ||     8
Dodge: Dodged            |    24 |       ||    24
